 Dungeon Crawl Stone Soup version 0.29-a0-321-gf1c400731a (webtiles) character file.

Game seed: 11845850532862989623

65 jlumianski the Skirmisher (level 3, -6/43 HPs)
             Began as a Demonspawn Fighter on Apr 5, 2022.
             Mangled by an ice beast (8 damage)
             ... on level 4 of the Dungeon.
             The game lasted 00:08:29 (2181 turns).

jlumianski the Skirmisher (Demonspawn Fighter)      Turns: 2181, Time: 00:08:30

Health: -6/43      AC:  8    Str: 18    XL:     3   Next: 92%
Magic:  3/3        EV:  9    Int:  9    God:
Gold:   127        SH:  4    Dex: 12    Spells: 2/2 levels left

rFire   . . .      SeeInvis .   a - +0 war axe (elec)
rCold   . . .      Faith    .   c - +0 buckler
rNeg    . . .      Spirit   .   b - +0 scale mail
rPois   .          Reflect  .   k - +0 helmet
rElec   .          Harm     .   (no cloak)
rCorr   .          Rampage  .   (no gloves)
Will    .....                   (no boots)
Stlth   ..........              (no amulet)
HPRegen 0.14/turn               (no ring)
MPRegen 0.08/turn               (no ring)

@: berserking, very quick
A: powered by death 1
a: no special abilities


You were on level 4 of the Dungeon.
You visited 1 branch of the dungeon, and saw 4 of its levels.

You collected 127 gold pieces.

Inventory:

Hand Weapons
 a - a +0 war axe of electrocution (weapon)
 j - a +2 short sword of venom
 l - a +2 long sword of holy wrath
Missiles
 e - 60 stones (quivered)
Armour
 b - a +0 scale mail (worn)
 c - a +0 buckler (worn)
 k - a +0 helmet (worn)
Scrolls
 i - a scroll of blinking
Potions
 d - a potion of might
 f - a potion of curing
 h - a potion of degeneration {unknown}


   Skills:
 + Level 3.4 Fighting
 + Level 2.5 Axes
 + Level 0.3 Throwing
 + Level 3.2 Armour
 + Level 0.4 Dodging
 + Level 2.9 Shields


You had 2 spell levels left.
You didn't know any spells.
Your spell library was empty.

Dungeon Overview and Level Annotations

Branches:
Dungeon (4/15)
 Temple: D:4-7

Altars:

Shops:
D:1 (


Innate Abilities, Weirdness & Mutations

You regenerate a little health from kills.


Message History

e - 60 stones (gained 1)
l - a scroll of identify
Okay, then.
Unknown command.
As you read the scroll of identify, it crumbles to dust.
g - a potion of berserk rage
There is an open door, spattered with blood here.
Things that are here:
a +0 club; a goblin corpse
Found a stone staircase leading down.
There is a stone staircase leading down here.
You climb downwards.
You hear the sound of rushing water.
There is an entrance to a sewer on this level.
Hurry and find it before the portal rusts away!
Found a shiny marble ring, a glowing long sword and a fuming emerald potion.
There is a stone staircase leading up here.
You see here a +2 long sword of holy wrath.
l - a +2 long sword of holy wrath The ice beast closely misses you.
You closely miss the ice beast.
The ice beast hits you but does no damage.
You hit the ice beast.
Lightning courses through the ice beast!
The ice beast is heavily wounded.
The ice beast hits you. The ice beast freezes you!
You closely miss the ice beast.
The ice beast is heavily wounded.
The ice beast hits you but does no damage.
An endoplasm comes into view.
You block the ice beast's attack.
You barely miss the ice beast.
The ice beast is heavily wounded.
The endoplasm quivers.
The ice beast hits you. The ice beast freezes you!
* * * LOW HITPOINT WARNING * * *
A red film seems to cover your vision as you go berserk!
You feel yourself moving faster!
You feel mighty! The ice beast hits you.
* * * LOW HITPOINT WARNING * * *
The ice beast freezes you!
You die...

# .# !# #
#.#. ..#
#.#
#.#########
#.......J..
#.@<######
#.Y...#
#.#.#.#
.........
###.#.#.###
#.....#
..... .
##...###


You could see an ice beast and an endoplasm.

Vanquished Creatures
  2 dart slugs
  5 ball pythons
  4 endoplasms (D:2)
  7 hobgoblins
  5 jackals
  4 kobolds
  6 quokkas
  6 bats
  4 frilled lizards
  2 goblins
  13 rats
58 creatures vanquished.

Notes
Turn   | Place    | Note
-------+----------+-------------------------------------------
     0 | D:1      | jlumianski the Demonspawn Fighter began the quest for the
                  | Orb.
     0 | D:1      | Reached XP level 1. HP: 18/18 MP: 1/1
   307 | D:2      | Gained mutation: You regenerate a little health from kills.
                  | [demonic ancestry]
   307 | D:2      | Reached XP level 2. HP: 22/24 MP: 2/2
   397 | D:1      | You fall into a shaft and drop 1 floor!
   506 | D:1      | Reached XP level 3. HP: 29/29 MP: 3/3
   672 | D:1      | Found a faded altar of an unknown god.
   787 | D:1      | Found Feriadaa's Antique Weapon Shoppe.
  2169 | D:4      | Noticed an ice beast
  2181 | D:4      | HP: 2/43 [ice beast (3)]
  2181 | D:4      | Mangled by an ice beast

Illustrated notes

Levels and vault maps discovered:
D:1:      wander_arrival_fairy_ring, layout_loops_ring,
          dreamdust_ecumenical_altar_angels_and_demons, serial_shops, shop
D:2:      minmay_evil_eye, layout_loops_cross
D:3:      layout_basic
D:4:      layout_loops_ring, cheibrodos_sewer_entry_drain, gammafunk_ghost_grave

Skill      XL: |  1  2 |
---------------+-------+-----
Axes           | 2 |  2.5
Armour         | 3 |  3.2
Fighting       | |  3.4
Throwing       | |  0.3
Dodging        | |  0.4
Shields        | |  2.9

Action                   || total
-------------------------++-------
Melee: War axe           ||   155
Throw: Stone             ||    32
  Use: Scroll            ||     6
       Potion            ||     1
Armor: Scale mail        ||    87
Dodge: Dodged            ||    91
Block: Buckler           ||    51

Table legend: (Time is in decaauts)
 A = Elapsed time spent in this place.
 B = Non-inter-level travel time spent in this place.
 C = Inter-level travel time spent in this place.
 D = Time resting spent in this place.
 E = Time spent auto-exploring this place.
 F = Levels seen in this place.
 G = Mean time per level.
                   A        B        C        D        E       F      G
               +--------+--------+--------+--------+--------+-----+--------+
         Total |   2256 |   2197 |     59 |      0 |   1334 |   4 |  564.0 |
       Dungeon |   2256 |   2197 |     59 |      0 |   1334 |   4 |  564.0 |
               +--------+--------+--------+--------+--------+-----+--------+

Top non-repeatable levels by time:
     D:2: 1052 daAuts
     D:1: 861 daAuts
     D:3: 329 daAuts
     D:4: 13 daAuts
